 Dungeon Crawl Stone Soup version 0.25.1-2-g60ff931df9 (webtiles) character file.

Game seed: 18179049618370034503

3391 HawFromDerth the Magician (level 9, -7/84 HPs)
             Began as a Grey Draconian Transmuter on Sept 21, 2020.
             Was a Follower of Makhleb.
             Mangled by a hog (11 damage)
             ... on level 7 of the Dungeon.
             The game lasted 00:19:01 (8795 turns).

HawFromDerth the Magician (DrTm)                    Turns: 8795, Time: 00:19:02

Health: -7/84      AC:  2    Str: 16    XL:     9   Next: 74%
Magic:  18/19      EV: 23    Int: 13    God:    Makhleb [*.....]
Gold:   250        SH:  0    Dex: 17    Spells: 9/22 levels left

rFire    . . .     SeeInvis +     - Unarmed
rCold    . . .     Gourm    .   (shield currently unavailable)
rNeg     . . .     Faith    .   (armour unavailable)
rPois    x         Spirit   .   (helmet currently unavailable)
rElec    .         Reflect  .   (cloak currently unavailable)
rCorr    .         Harm     .   (gloves currently unavailable)
MR       .....                  (boots currently unavailable)
Stlth    ++........             (no amulet)
HPRegen  0.24/turn              (no ring)
MPRegen  0.16/turn              (no ring)

@: spider-form
A: tiny, (walk through water), unfitting armour, see invisible, robust 2,
screaming 1, AC +12
a: End Transformation, Renounce Religion


You were on level 7 of the Dungeon.
You worshipped Makhleb.
Makhleb was aware of your devotion.
You were not hungry.
You were a venomous arachnid creature.
You visited 1 branch of the dungeon, and saw 7 of its levels.

You collected 340 gold pieces.
You spent 90 gold pieces at shops.

Inventory:

Hand Weapons
 d - a +3 short sword of electrocution (melded)
Missiles
 a - 103 arrows
Armour
 p - a +2 cloak of magic resistance (melded)
Jewellery
 e - a cursed ring of attention {unknown}
 q - an uncursed ring of wizardry {unknown}
Wands
 t - a wand of flame (20)
 w - a wand of iceblast (3)
Scrolls
 g - a scroll of teleportation {unknown}
 h - a scroll of blinking {unknown}
 i - a scroll of summoning {unknown}
 j - 2 scrolls of identify
 k - a scroll of magic mapping {unknown}
 l - 2 scrolls of enchant weapon
 m - 7 scrolls of remove curse
 r - a scroll of acquirement {unknown}
 x - a scroll of vulnerability {unknown}
Potions
 b - 2 potions of lignification
 f - 5 potions of brilliance
 n - 2 potions of haste
 v - 3 potions of degeneration
Comestibles
 c - 9 rations
 o - a chunk of flesh


   Skills:
 + Level 3.3 Fighting
 + Level 5.1 Short Blades
 + Level 4.6 Dodging
 + Level 2.3 Stealth
 + Level 5.6 Unarmed Combat
 + Level 7.0 Spellcasting
 * Level 6.5 Transmutations
 + Level 0.7 Ice Magic
 + Level 2.3 Poison Magic


You had 9 spell levels left.
You knew the following spells:

 Your Spells              Type           Power        Failure   Level  Hunger
a - Beastly Appendage     Tmut           ###...       5%          1    None
b - Spider Form           Tmut/Pois      ###.......   21%         3    ##.....
c - Ice Form              Ice/Tmut       ##......     56%         4    ####...
d - Blade Hands           Tmut           ###.......   50%         5    ######.

Your spell library contained the following spells:

 Spells                   Type           Power        Failure   Level  Hunger
 Sticks to Snakes         Tmut           ###.....     7%          2    #......


Dungeon Overview and Level Annotations

Branches:
Dungeon (7/15)             Temple (0/1) D:6

Altars:
Cheibriados
Dithmenos
Makhleb
Sif Muna
Trog
Uskayaw
Wu Jian
Zin

Shops:
D:5 }


Innate Abilities, Weirdness & Mutations

((You can walk through water.))
((Your dull iron-grey scales are very hard. (AC +12)))
You cannot fit into any form of body armour.
((You can survive without breathing.))
((You are cold-blooded and may be slowed by cold attacks.))
You have supernaturally acute eyesight. (SInv)
You are very robust. (+20% HP)
You occasionally shout uncontrollably at your foes.


Message History

The human is moderately wounded.
The hog misses you. The hog closely misses you. The hog misses you.
You closely miss the human.
The human is moderately wounded.
The hog bites you. The hog closely misses you. The hog completely misses you.
The human misses you. The hog completely misses you.
You hit the human but do no damage.
The human looks as sick as possible!
The human is moderately wounded.
The hog bites you!
* * * LOW HITPOINT WARNING * * *
The human closely misses you. The hog bites you!
* * * LOW HITPOINT WARNING * * *
The hog misses you. The hog completely misses you. The hog barely misses you.
The hog bites you!
* * * LOW HITPOINT WARNING * * *
The hog misses you. The human completely misses you.
The hog completely misses you.
The hog looks more healthy.
The hog bites you!
You die...

#........#
#.......%#
#........#
#........#
#......h.#
#......hh#
#........# ##
#......ph# .#
#.......s#
.#####
#........#
.....#
#...........
####.#
#.###.##.....
#.# #.#
#.###.##. #.#
#.# #.# .#
#.# #.# #.#
.# #.# #(# .#
.# #.####.#


You could see 4 hogs and a human (very poisoned).

Vanquished Creatures
  Joseph (D:7)
  Maggie (D:6)
  Grinder (D:3)
  Eustachio (D:4)
  Edmund (D:6)
  Menkaure (D:5)
  Duvessa (D:4)
  An ice beast (D:5)
  2 sky beasts (D:5)
  2 centaurs
  A phantom (D:4)
  An ogre (D:6)
  Blork the orc (D:5)
  2 bullfrogs
  A scorpion (D:6)
  A water moccasin skeleton (D:4)
  Dowan (D:4)
  3 wights (D:6)
  4 crimson imps
  A centaur zombie (D:7)
  A jelly (D:4)
  An orc priest (D:4)
  A bullfrog skeleton (D:6)
  3 hounds (D:6)
  6 orc wizards
  Crazy Yiuf (D:5)
  Ijyb (D:4)
  An iguana (D:7)
  7 worker ants
  2 hound skeletons (D:4)
  A gnoll (D:1)
  8 adders
  A shadow imp (D:6)
  An adder zombie (D:6)
  2 adder skeletons (D:6)
  4 worms
  5 dart slugs
  3 leopard geckos
  19 orcs
  3 ball pythons
  6 bats
  12 giant cockroaches
  14 goblins
  8 hobgoblins
  6 jackals
  13 kobolds
  3 quokkas
  7 frilled lizards
  A leopard gecko skeleton (D:6)
  A quokka zombie (D:5)
  13 rats
183 creatures vanquished.

Vanquished Creatures (others)
  An orc wizard (D:7)
1 creature vanquished.

Grand Total: 184 creatures vanquished

Notes
Turn   | Place    | Note
-------+----------+-------------------------------------------
     0 | D:1      | HawFromDerth the Draconian Transmuter began the quest for
                  | the Orb.
     0 | D:1      | Reached XP level 1. HP: 16/16 MP: 3/3
    84 | D:1      | Reached XP level 2. HP: 23/23 MP: 3/5
   432 | D:1      | Reached XP level 3. HP: 28/28 MP: 4/6
   959 | D:2      | Reached XP level 4. HP: 21/35 MP: 5/8
  1482 | D:2      | Reached skill level 1 in Short Blades
  1540 | D:2      | Reached skill level 3 in Spellcasting
  1758 | D:2      | Reached XP level 5. HP: 39/40 MP: 7/9
  2216 | D:3      | Noticed Grinder
  2216 | D:3      | Paralysed by Grinder for 5 turns
  2223 | D:3      | Paralysed by Grinder for 7 turns
  2231 | D:3      | Killed Grinder
  2231 | D:3      | Reached skill level 4 in Spellcasting
  2231 | D:3      | Reached XP level 6. HP: 18/47 MP: 9/12
  2638 | D:3      | Found a shimmering blue altar of Sif Muna.
  2829 | D:3      | Learned a level 3 spell: Spider Form
  2834 | D:3      | Learned a level 4 spell: Ice Form
  2840 | D:3      | Learned a level 5 spell: Blade Hands
  3707 | D:4      | Your scales start taking on a dull iron-grey colour.
  3707 | D:4      | Reached XP level 7. HP: 46/53 MP: 13/13
  3707 | D:4      | Gained mutation: You can survive without breathing. [Grey
                  | Draconian growth]
  4005 | D:4      | Found an ornate altar of the Wu Jian Council.
  4246 | D:4      | Noticed Ijyb
  4263 | D:4      | Killed Ijyb
  4362 | D:4      | Noticed Eustachio
  4392 | D:4      | Killed Eustachio
  4665 | D:4      | Noticed Duvessa
  4667 | D:4      | Noticed Dowan
  4671 | D:4      | Killed Dowan
  4673 | D:4      | Reached skill level 5 in Spellcasting
  4687 | D:4      | Killed Duvessa
  4687 | D:4      | Reached skill level 5 in Transmutations
  4687 | D:4      | Reached XP level 8. HP: 18/62 MP: 9/15
  5164 | D:5      | Entered Level 5 of the Dungeon
  5184 | D:4      | Reached skill level 1 in Poison Magic
  5493 | D:4      | Gained mutation: You tend to lose your temper in combat.
                  | [potion of mutation]
  5493 | D:4      | Gained mutation: Your muscles are strong. (Str +2) [potion
                  | of mutation]
  5493 | D:4      | Gained mutation: You have very sharp teeth. [potion of
                  | mutation]
  5493 | D:4      | Gained mutation: You evolve. [potion of mutation]
  5497 | D:4      | Lost mutation: You tend to lose your temper in combat.
                  | [potion of mutation]
  5497 | D:4      | Lost mutation: Your muscles are strong. (Str +2) [potion of
                  | mutation]
  5497 | D:4      | Lost mutation: You have very sharp teeth. [potion of
                  | mutation]
  5497 | D:4      | Gained mutation: You have sharp fingernails. [potion of
                  | mutation]
  5497 | D:4      | Gained mutation: You are robust. (+10% HP) [potion of
                  | mutation]
  5498 | D:4      | Lost mutation: You evolve. [potion of mutation]
  5498 | D:4      | Lost mutation: You have sharp fingernails. [potion of
                  | mutation]
  5498 | D:4      | Gained mutation: You occasionally shout uncontrollably at
                  | your foes. [potion of mutation]
  5498 | D:4      | Gained mutation: You are very robust. (+20% HP) [potion of
                  | mutation]
  5498 | D:4      | Gained mutation: You have supernaturally acute eyesight.
                  | (SInv) [potion of mutation]
  5585 | D:5      | Reached skill level 1 in Stealth
  5597 | D:5      | Found a burning altar of Makhleb.
  5644 | D:5      | Became a worshipper of Makhleb the Destroyer
  5770 | D:5      | Noticed Menkaure
  5804 | D:5      | Found a glowing drain.
  5829 | D:5      | Killed Menkaure
  5980 | D:5      | Found Reagacoph's Gadget Boutique.
  6165 | D:5      | Reached skill level 6 in Spellcasting
  6395 | D:5      | Found a runed translucent door.
  6396 | D:5      | Noticed Crazy Yiuf
  6458 | D:5      | Noticed Blork the orc
  6463 | D:5      | Killed Blork the orc
  6544 | D:5      | Found a bloodstained altar of Trog.
  6601 | D:5      | Killed Crazy Yiuf
  6766 | D:6      | Reached XP level 9. HP: 52/82 MP: 12/18
  7022 | D:6      | Noticed Maggie
  7043 | D:6      | Killed Maggie
  7043 | D:6      | Reached skill level 5 in Unarmed Combat
  7136 | D:6      | Found a staircase to the Ecumenical Temple.
  7327 | D:6      | Noticed Edmund
  7342 | D:6      | Killed Edmund
  7378 | D:6      | Reached * piety under Makhleb
  7413 | D:6      | Found a glowing silver altar of Zin.
  7414 | D:6      | Found Zin's Purification Station.
  7442 | D:6      | Bought a potion of curing for 90 gold pieces
  7713 | D:6      | Found a hide-covered altar of Uskayaw.
  7713 | D:6      | Found a shadowy altar of Dithmenos.
  8014 | D:7      | Found a snail-covered altar of Cheibriados.
  8143 | D:7      | Noticed Joseph
  8169 | D:7      | HP: 4/84 [Joseph/sling bullet (13)]
  8177 | D:7      | Killed Joseph
  8177 | D:7      | Reached skill level 5 in Short Blades
  8177 | D:7      | Reached skill level 7 in Spellcasting
  8789 | D:7      | HP: 3/84 [hog (9)]
  8795 | D:7      | Mangled by a hog

Illustrated notes

Levels and vault maps discovered:
D:1:      ebering_hopf_link, layout_loops_ring
D:2:      minmay_roachtagon, layout_loops_cross
D:3:      layout_loops_cross, lemuel_doored_altar, serial_bayou_lagoon_a,
          dk_noncrumbling_2, uniq_grinder
D:4:      layout_basic, kennysheep_mini, first_ration, uniq_ijyb, uniq_duvessa,
          uniq_eustachio
D:5:      layout_rooms, bloody_makhleb, bloody_trog, serial_shops, shop,
          cheibrodos_sewer_entry_sluice, uniq_menkaure, uniq_blork_the_orc,
          uniq_crazy_yiuf_cottage
D:6:      layout_loops_ring, zin_purify, gammafunk_temple_overflow_wave,
          minmay_temple_entry_butterflies, uniq_edmund, uniq_maggie
D:7:      layout_basic, slow_altar_2, nicolae_overflow_hidden_temple,
          grunt_livestock, uniq_joseph

Skill      XL: |  1  2  3  4  5  6  7  8  9 |
---------------+----------------------------+-----
Dodging        | 2 3 4 |  4.6
Transmutations | 3 4 5 6 |  6.5
Short Blades   | 1 2 3 4 5 |  5.1
Spellcasting   | 3 4 5 6 7 |  7.0
Fighting       | 2 3 |  3.3
Unarmed Combat | 4 5 |  5.6
Poison Magic   | 1 2 |  2.3
Stealth        | 1 2 |  2.3
Ice Magic      | |  0.7

Action                   |  1- 3 |  4- 6 |  7- 9 || total
-------------------------+-------+-------+-------++-------
Melee: Unarmed           |    20 |     4 |   224 ||   248
       Headbutt          |     4 |     3 |    11 ||    18
       Tailslap          |     8 |    10 |    17 ||    35
       Punch             |     1 |       |     2 ||     3
       Short sword       |    67 |   167 |   158 ||   392
       Kick              |     5 |    12 |    13 ||    30
 Cast: Beastly Appendage |    22 |    37 |    37 ||    96
       Spider Form       |       |     1 |    27 ||    28
       Ice Form          |       |       |     2 ||     2
  Use: Scroll            |       |       |     9 ||     9
       Potion            |       |       |    15 ||    15
 Stab: Sleeping          |       |       |     1 ||     1
  Eat: Chunk             |     1 |     9 |     6 ||    16
       Ration            |       |       |     4 ||     4
Armor: Skin              |    33 |    41 |    70 ||   144
Dodge: Dodged            |    75 |   121 |   354 ||   550
